 Dungeon Crawl Stone Soup version 0.31-a0-435-g2c6fae2916 (webtiles) character file.

Game seed: 13593090985034860074

989 avis the Cleaver (level 8, -1/68 HPs)
             Began as a Hill Orc Monk on Aug 2, 2023.
             Was a Priest of Beogh.
             Slain by an orc
             ... wielding a +0 trident
              (5 damage)
             ... on level 6 of the Dungeon.
             The game lasted 00:25:37 (5930 turns).

avis the Cleaver (Hill Orc Monk)                    Turns: 5930, Time: 00:25:37

Health: -1/68      AC:  9    Str: 16    XL:     8   Next: 18%
Magic:  11/11      EV:  7    Int: 10    God:    Beogh [***...]
Gold:   294        SH:  0    Dex: 13    Spells: 7/7 levels left

rFire   . . .        b - +0 quarterstaff (spect)
rCold   + . .        (shield currently unavailable)
rNeg    . . .        z - +2 chain mail {rC+}
rPois   .            r - +2 helmet
rElec   .            (no cloak)
rCorr   .            (no gloves)
SInv    .            (no boots)
Will    .....        (no amulet) Stlth
                     (no ring)
HPRegen 0.31/turn    (no ring)
MPRegen 0.12/turn

%: no passive effects
@: corroded
A: no striking features
a: Renounce Religion, Smiting


You were on level 6 of the Dungeon.
You worshipped Beogh.
Beogh was most pleased with you.
You visited 1 branch of the dungeon, and saw 6 of its levels.

You collected 294 gold pieces.

Inventory:

Hand Weapons
 a - a +0 hand axe
 b - a +0 spectral quarterstaff (weapon)
 t - a +1 dagger of freezing
 v - a +0 trident
 w - a +0 sling
 A - a +0 halberd
 B - a +0 spear
 C - a +0 spear
 G - a +0 spear
 H - a +0 orcbow
Missiles
 u - 2 boomerangs
Armour
 d - an orb of light
 k - a +0 chain mail
 n - a +2 robe of positive energy
 r - a +2 helmet (worn)
 y - a +0 plate armour
 z - a +2 chain mail of cold resistance (worn)
Jewellery
 j - an amulet of faith
Wands
 i - a wand of flame (10) (quivered)
 F - a wand of light (3)
Scrolls
 c - a scroll of blinking
 e - a scroll of butterflies
 f - 3 scrolls of teleportation {unknown}
 m - a scroll of vulnerability
 o - a scroll of fear {unknown}
 p - a scroll of fog {unknown}
 s - 2 scrolls of noise {unknown}
 x - a scroll of revelation {unknown}
 I - a scroll of amnesia {unknown}
Potions
 g - a potion of mutation {unknown}
 h - 2 potions of brilliance
 l - 2 potions of degeneration
 q - 2 potions of magic
 E - a potion of attraction {unknown}


   Skills:
 - Level 5.0 Fighting
 * Level 10.8 Axes
 - Level 2.4 Dodging
 + Level 5.0 Invocations


You had 7 spell levels left.
You didn't know any spells.
Your spell library contained the following spells:

 Spells                   Type           Power      Damage    Failure   Level
 Inner Flame              Hex/Fire       0%         N/A       100%        3
 Yara's Violent Unravell  Hex/Tmut       0%         3d3       100%        5
 Enfeeble                 Hex            0%         N/A       100%        7


Dungeon Overview and Level Annotations

Branches:
Dungeon (6/15)
 Temple: D:4-7

Altars:
Cheibriados
Fedhas
Okawaru


Message History

The bullfrog hits you but does no damage.
You swap places.
Found a stone staircase leading down.
Your +0 spectral quarterstaff disappears.
Things that are here:
a +0 dagger; a +0 chain mail You hit the bullfrog.
The bullfrog is heavily wounded.
Your +0 spectral quarterstaff hits the bullfrog!
The bullfrog hits you but does no damage.
The bullfrog barely misses you.
A howler monkey comes into view.
The orc hits you from afar with a +0 trident.
* * * LOW HITPOINT WARNING * * *
Your +0 spectral quarterstaff disappears.
The bullfrog closely misses you.
The howler monkey howls!
You hit the bullfrog.
You kill the bullfrog!
Beogh accepts your kill.
The howler monkey hoots and howls with incredible vigour!
The orc hits you but does no damage.
Your Invocations skill increases to level 5!
You hit the jelly. The acid corrodes you!
Your hands burn!
* * * LOW HITPOINT WARNING * * *
The jelly is lightly wounded.
Your +0 spectral quarterstaff barely misses the jelly.
The jelly closely misses you. The orc hits you but does no damage.
The howler monkey hoots and howls with incredible vigour!
Okay, then.
You hit the jelly.
Your hands burn!
* * * LOW HITPOINT WARNING * * *
The jelly is moderately wounded.
Your +0 spectral quarterstaff hits the jelly!
Your +0 spectral quarterstaff is burned by acid!
Your spectral weapon shares its damage with you!
* * * LOW HITPOINT WARNING * * *
The jelly hits you but does no damage. The orc hits you but does no damage.
The howler monkey closely misses your +0 spectral quarterstaff.
The orc hits you from afar with a +0 trident.
You die...

## .. . #.#### #.
##.....#. ####.#
##........ #.....#
#.........
.......###.........
........##.........
.......<..J@.....>.
....:...##)........
.........o.......≈≈
.......h..≈≈≈≈≈≈≈..
.......#..≈h(....##
........#.≈.#####..
..........≈.# ≈
........#.≈.# ...
#.≈.#


You could see 2 howler monkeys, a jelly, an orc and a friendly +0 spectral
quarterstaff.

Vanquished Creatures
  A centaur (D:5)
  2 phantoms (D:5)
  A bullfrog (D:6)
  2 scorpions (D:5)
  A jelly (D:5)
  2 hounds
  2 orc priests
  4 iguanas
  An orc wizard (D:3)
  A sleepcap (D:5)
  Ijyb (D:4)
  11 gnolls
  5 adders
  A worm (D:3)
  A dart slug (D:4)
  14 orcs
  3 endoplasms
  2 giant cockroaches
  5 goblins
  11 hobgoblins
  3 jackals (D:1)
  2 quokkas
  8 ball pythons
  9 bats
  4 frilled lizards
  4 kobolds
  7 rats
108 creatures vanquished.

Vanquished Creatures (others)
  An orc priest (D:4)
  2 orc wizards (D:4)
  An orc (D:4)
  A ball python (D:4)
5 creatures vanquished.

Grand Total: 113 creatures vanquished

Notes
Turn   | Place    | Note
-------+----------+-------------------------------------------
     0 | D:1      | avis the Hill Orc Monk began the quest for the Orb.
     0 | D:1      | Reached XP level 1. HP: 19/19 MP: 1/1
   366 | D:1      | Reached XP level 2. HP: 26/27 MP: 2/2
   531 | D:1      | Reached skill level 5 in Axes
  1366 | D:2      | Found a blossoming altar of Fedhas.
  1381 | D:2      | Reached XP level 3. HP: 33/33 MP: 3/3
  2207 | D:3      | Reached skill level 6 in Axes
  2207 | D:3      | Reached XP level 4. HP: 40/40 MP: 4/4
  2232 | D:3      | You fall into a shaft and drop 1 floor!
  2249 | D:4      | Became a worshipper of Beogh the Brigand
  2249 | D:4      | Reached * piety under Beogh
  2249 | D:4      | Reached ** piety under Beogh
  2265 | D:4      | HP: 1/40 [gnoll/+0 flail (6)]
  2277 | D:4      | Noticed Ijyb
  2291 | D:5      | Entered Level 5 of the Dungeon
  2570 | D:4      | Reached skill level 7 in Axes
  2570 | D:4      | Reached XP level 5. HP: 44/46 MP: 5/5
  2585 | D:4      | Found a snail-covered altar of Cheibriados.
  2798 | D:3      | Reached skill level 8 in Axes
  3326 | D:3      | Reached XP level 6. HP: 47/53 MP: 6/6
  3593 | D:4      | Reached skill level 5 in Fighting
  3889 | D:4      | Found an iron altar of Okawaru.
  4109 | D:4      | Killed Ijyb
  4409 | D:5      | Reached skill level 1 in Invocations
  4564 | D:5      | Reached XP level 7. HP: 57/61 MP: 8/8
  4594 | D:5      | Reached skill level 9 in Axes
  5116 | D:5      | Reached skill level 10 in Axes
  5464 | D:6      | Reached XP level 8. HP: 68/68 MP: 11/11
  5590 | D:5      | Reached *** piety under Beogh
  5929 | D:6      | Reached skill level 5 in Invocations
  5930 | D:6      | HP: 3/68 [jelly (1)]
  5930 | D:6      | Slain by an orc

Illustrated notes

Levels and vault maps discovered:
D:1:      minmay_arrival_up_and_down, layout_basic, serial_corexii_hall,
          corexii_hall_statues_i, corexii_hall_statues_l,
          chequers_hall_statues_wall_a, corexii_hall_statues_x
D:2:      layout_loops_ring, basic_altar
D:3:      minmay_skewed_foursquare, layout_basic, st_stairs_4
D:4:      layout_basic, slow_altar_1, lemuel_doored_altar,
          amcnicky_mini_rare_corridor_liquid, uniq_ijyb
D:5:      layout_loops_cross
D:6:      layout_rooms, mainiacjoe_overflow_surrounded_room,
          nicolae_overflow_squiral, minmay_temple_entry_nine_rooms

Skill      XL: |  1  2  3  4  5  6  7  8 |
---------------+-------------------------+-----
Fighting       | 4 5 |  5.0
Axes           | 5 6 7 8 10 | 10.8
Invocations    | 2 4 5 |  5.0
Dodging        | |  2.4

Action                     |  1- 3 |  4- 6 |  7- 9 || total
---------------------------+-------+-------+-------++-------
  Melee: Hand axe          |   115 |   173 |    22 ||   310
         Quarterstaff      |       |       |    73 ||    73
 Invoke: Convert to Beogh  |       |     1 |       ||     1
         Smiting           |       |     2 |       ||     2
  Evoke: Wand              |       |     7 |     2 ||     9
    Use: Potion            |       |     5 |     1 ||     6
         Scroll            |       |     4 |     2 ||     6
 Armour: Scale mail        |    20 |       |       ||    20
         Robe              |     1 |       |       ||     1
         Chain mail        |    41 |    93 |    88 ||   222
  Dodge: Dodged            |    56 |    69 |    51 ||   176

Table legend: (Time is in decaauts)
 A = Elapsed time spent in this place.
 B = Non-inter-level travel time spent in this place.
 C = Inter-level travel time spent in this place.
 D = Time resting spent in this place.
 E = Time spent auto-exploring this place.
 F = Levels seen in this place.
 G = Mean time per level.
                   A        B        C        D        E       F      G
               +--------+--------+--------+--------+--------+-----+--------+
         Total |   5938 |   5059 |    879 |    676 |   3065 |   6 |  989.7 |
       Dungeon |   5938 |   5059 |    879 |    676 |   3065 |   6 |  989.7 |
               +--------+--------+--------+--------+--------+-----+--------+

Top non-repeatable levels by time:
     D:5: 1642 daAuts
     D:1: 1341 daAuts
     D:4: 1132 daAuts
     D:3: 958 daAuts
     D:2: 815 daAuts
     D:6: 47 daAuts
